AoeStats
← larrery

Arabia

510762163Analyzed
1v1 RM · 13h ago on Oct 2, 2026· 55m 8s· 2 players
Game mode
Random Map
Map size
Tiny (2 player)
Population
200
Speed
Normal
Resources
Standard
Victory
Conquest
Starting age
Dark Age
Ending age
Imperial Age
RankedLock teamsTeams togetherTeam positionsShared explorationLock speedFull tech treeHidden civsTurbo modeCheats
Victory
Defeat
🇨🇳 Franks · China
986
+14
🇨🇴 Muisca · Colombia
953
-14
larrery
7:40 Loom
11:28 Feudal Age
11:57 Double-Bit Axe
21:05 Castle Age
19:10 Fletching
19:25 Horse Collar
20:53 Padded Archer Armor
23:50 Crossbowman
29:26 Bodkin Arrow
31:11 Leather Archer Armor
34:25 Thumb Ring
37:12 Forging
43:43 Scale Mail Armor
44:25 Squires
44:34 Town Watch
52:12 Imperial Age
51:07 Ballistics
51:19 Chain Mail Armor
52:40 Iron Casting
52:50 Wheelbarrow
sxfqx
6:51 Loom
9:53 Feudal Age
11:15 Double-Bit Axe
16:43 Wheelbarrow
21:00 Castle Age
19:16 Fletching
20:56 Padded Archer Armor
25:35 Scale Barding Armor
27:11 Forging
31:21 Husbandry
37:10 Hand Cart
37:05 Gold Mining
37:51 Chain Barding Armor
38:38 Iron Casting
39:51 Bodkin Arrow
44:33 Imperial Age
43:38 Leather Archer Armor
43:09 Elite Skirmisher
44:44 Bow Saw
44:38 Cavalier
46:14 Plate Barding Armor
47:53 Town Watch
50:16 Gold Shaft Mining
52:41 Blast Furnace
52:07 Conscription
55:17 Chemistry
54:23 Stone Mining
55:15 Ballistics
Connection lost

Rejoining the realm…

Still unreachable

The connection could not be restored.

Session expired

The server has moved on; the page needs a fresh start.